 Dungeon Crawl Stone Soup version 0.13-a0-3016-gcb2faac (webtiles) character file.

568 Econoterrorist the Insei (level 6, -3/46 HPs)
             Began as a Demonspawn Monk on Sept 13, 2013.
             Was a Believer of Makhleb.
             Killed by divine providence
             ... invoked by an orc priest
              (11 damage)
             ... on Level 5 of the Dungeon.
             The game lasted 00:19:32 (4544 turns).

Econoterrorist the Insei (Demonspawn Monk)          Turns: 4544, Time: 00:19:32

HP  -3/46        AC  7     Str 12      XL: 6   Next: 64%
MP   9/9         EV 12     Int 12      God: Makhleb [**....]
Gold 143         SH  0     Dex 16      Spells:  1 memorised,  4 levels left

Res.Fire  : . . .   See Invis. : .     - Unarmed
Res.Cold  : . . .   Warding    : .   l - +0 robe
Life Prot.: . . .   Conserve   : .   (no shield)
Res.Poison: .       Res.Corr.  : .   (helmet restricted)
Res.Elec. : .       Clarity    : .   f - +0 elf cloak
Sust.Abil.: . .     Spirit.Shd : .   (no gloves)
Res.Mut.  : .       Stasis     : +   u - +0 pair of boots
Res.Rott. : .       Flight     : .   d - amulet of stasis
Saprovore : . . .                    (no ring)
                                     w - ring of sustenance

@: slightly resistant to hostile enchantments, stealthy
A: antennae 1, demonic guardian 1, AC +3, EV -1
a: Minor Destruction, Renounce Religion


You were on level 5 of the Dungeon.
You worshipped Makhleb.
Makhleb was most pleased with you.
You were hungry.

You visited 2 branches of the dungeon, and saw 6 of its levels.

You collected 143 gold pieces.

Inventory:

Armour
 f - a +0 elven cloak (worn)
 l - a +0 robe (worn)
 r - a +0 elven robe
 u - a +0 pair of boots (worn)
Magical devices
 m - a wand of magic darts (6)
Comestibles
 b - 3 bread rations
 i - a pear
 o - 3 meat rations
Scrolls
 a - a scroll of amnesia {unknown}
 c - 5 scrolls of remove curse
 e - a scroll of identify
 n - a scroll of curse jewellery {unknown}
 p - 4 scrolls of teleportation
 s - a scroll of enchant weapon I {unknown}
 v - 2 scrolls of fear
 y - a scroll of enchant armour {unknown}
 A - 2 scrolls of random uselessness {unknown}
Jewellery
 d - an amulet of stasis (around neck)
 w - a ring of sustenance (left hand)
 x - an uncursed ring of teleportation
Potions
 g - a potion of restore abilities
 h - a potion of mutation {unknown}
 j - a potion of paralysis {unknown}
 k - a potion of curing
 q - a potion of resistance {unknown}
 t - a potion of degeneration {unknown}
 B - a potion of heal wounds {unknown}
Books
 z - a book of Hinderance

   Spells                             Type                      Level
   *Confusing Touch                   Hexes                        1
   Slow                               Hexes                        2
   Confuse                            Hexes                        3
   Petrify                            Transmutation/Earth          4
   Leda's Liquefaction                Hexes/Earth                  4
   Metabolic Englaciation             Hexes/Ice                    6


   Skills:
 - Level 3.0 Fighting
 - Level 2.6 Dodging
 - Level 1.7 Stealth
 - Level 6.5 Unarmed Combat
 + Level 4.4 Invocations


You had 4 spell levels left.
You knew the following spells:

 Your Spells              Type           Power        Failure   Level  Hunger
a - Confusing Touch       Hex            #.........   34%         1    ##.....


Dungeon Overview and Level Annotations

Branches:
Dungeon (5/27)             Temple (1/1) D:4

Altars:
Fedhas
Makhleb
Nemelex Xobeh
Vehumet
Xom
Yredelemnul

Annotations:
D:5 Sigmund


Innate Abilities, Weirdness & Mutations

You have a pair of small antennae on your head.
You are mostly covered in icy blue scales (AC +3, EV -1).
A weak demonic guardian rushes to your aid.


Message History

Something smites you!
Your white imp closely misses the orc priest.
The orc priest hits you with an orcish morningstar!
* * * LOW HITPOINT WARNING * * *
You hit the orc priest.
You kill the orc priest!
Makhleb accepts your kill.
You feel a little better.
The orc priest mumbles some strange prayers to Beogh.
You feel a wave of unholy energy pass over you.
You swap places.
The orc priest unwields an uncursed orcish short sword.
The orc priest drops an uncursed orcish short sword.
The orc priest picks up an orcish morningstar.
The orc priest wields an orcish morningstar.
Sigmund hits you from afar with a runed scythe!
* * * LOW HITPOINT WARNING * * *
The orc priest mumbles some strange prayers to Beogh against you.
Something smites you!
You die...

.##########
.....og@o.#
.########@# #.# #5#
#.# ########.# ##+##
#........## ##...##
#.#####...##
#.....###.####.....#
.......##.##.....<.#


You could see Sigmund, 2 orc priests, a goblin and a friendly white imp.

Vanquished Creatures
  Duvessa (D:4)
  Dowan (D:4)
  A hound (D:3)
  A worker ant (D:4)
  2 orc priests
  An orc wizard (D:4)
  An iguana (D:3)
  Ijyb (D:3)
  3 adders
  An inept feature mimic (D:4)
  A giant mite (D:3)
  An adder skeleton (D:4)
  2 giant geckos
  An ooze (D:3)
  6 orcs
  6 bats
  A bat skeleton (D:4)
  6 giant cockroaches
  6 goblins
  9 hobgoblins
  9 kobolds
  2 quokkas
  2 ball pythons
  A giant newt (D:3)
  A hobgoblin skeleton (D:4)
  5 rats
  2 butterflies (D:3)
74 creatures vanquished.

Vanquished Creatures (collateral kills)
  A phantom (D:4)
  An orc priest (D:4)
  2 orcs (D:4)
  A bat (D:4)
  A goblin (D:4)
  A kobold (D:4)
7 creatures vanquished.

Vanquished Creatures (others)
  A crimson imp (D:4)
  2 iron imps (D:4)
  3 lemures
  A white imp (D:4)
  3 ufetubi (D:4)
10 creatures vanquished.

Grand Total: 91 creatures vanquished

Notes
Turn   | Place    | Note
--------------------------------------------------------------
     0 | D:1      | Econoterrorist, the Demonspawn Monk, began the quest for the Orb.
     0 | D:1      | Reached XP level 1. HP: 16/16 MP: 0/0
   377 | D:1      | Reached skill level 4 in Unarmed Combat
   419 | D:1      | Gained mutation: You are partially covered in icy blue scales (AC +1). [demonic ancestry]
   419 | D:1      | Reached XP level 2. HP: 22/22 MP: 1/1
   977 | D:2      | Found a radiant altar of Vehumet.
  2103 | D:3      | Gained mutation: A weak demonic guardian rushes to your aid. [demonic ancestry]
  2103 | D:3      | Reached XP level 3. HP: 11/28 MP: 2/2
  2335 | D:3      | Reached skill level 5 in Unarmed Combat
  2359 | D:3      | Gained mutation: You have a pair of small antennae on your head. [demonic ancestry]
  2359 | D:3      | Reached XP level 4. HP: 12/34 MP: 3/3
  2899 | D:3      | Noticed Ijyb
  2928 | D:3      | Killed Ijyb
  2993 | D:3      | Found a sparkling altar of Nemelex Xobeh.
  3191 | D:4      | Gained mutation: You are mostly covered in icy blue scales (AC +3, EV -1). [demonic ancestry]
  3191 | D:4      | Reached XP level 5. HP: 36/39 MP: 4/4
  3241 | D:4      | Noticed a phantom
  3245 | D:4      | Reached skill level 6 in Unarmed Combat
  3278 | D:4      | Killed a phantom
  3577 | D:4      | Found a staircase to the Ecumenical Temple.
  3594 | Temple   | Entered the Ecumenical Temple
  3625 | Temple   | Became a worshipper of Makhleb the Destroyer
  3625 | Temple   | Acquired Makhleb's first power
  3625 | Temple   | Acquired Makhleb's second power
  3741 | D:4      | Learned a level 1 spell: Confusing Touch
  3793 | D:4      | Noticed Dowan
  3795 | D:4      | Noticed Duvessa
  3815 | D:4      | Killed Dowan
  3815 | D:4      | Reached skill level 1 in Invocations
  3815 | D:4      | Reached XP level 6. HP: 5/46 MP: 4/6
  3830 | D:5      | Entered Level 5 of the Dungeon
  4084 | D:4      | Killed Duvessa
  4129 | D:4      | HP: 2/46 [orc priest/divine providence (9)]
  4535 | D:5      | Noticed Sigmund
  4544 | D:5      | Killed from afar by an orc priest

Action                   |  1- 3 |  4- 6 || total
-------------------------+-------+-------++-------
Melee: Unarmed           |   112 |   227 ||   339
Invok: Minor Destruction |       |     4 ||     4
  Use: Scroll            |       |     6 ||     6
       Potion            |       |     3 ||     3
 Stab: Sleeping          |     1 |     2 ||     3
       Distracted        |       |     2 ||     2
